 Dungeon Crawl Stone Soup version 0.29.0-13-gc9e81de378 (webtiles) character file.

Game seed: 5595716860701628181

16590 quinnr the Devastator (level 12, -1/68 HPs)
             Began as a Tengu Conjurer on Sept 11, 2022.
             Was an Elder of Sif Muna.
             Slain by a death yak (25 damage)
             ... on level 11 of the Dungeon.
             The game lasted 00:49:36 (21863 turns).

quinnr the Devastator (Tengu Conjurer)             Turns: 21863, Time: 00:49:36

Health: -1/68      AC: 10    Str:  7    XL:     12   Next: 39%
Magic:  30/30      EV: 16    Int: 26    God:    Sif Muna [****..]
Gold:   374        SH:  0    Dex: 13    Spells: 14/24 levels left

rFire   + . .      SeeInvis .   V - staff of fire {!a}
rCold   . . .      Faith    .   (no shield)
rNeg    . . .      Spirit   .   P - +0 acid dragon scales
rPois   .          Reflect  .   S - +0 hat
rElec   .          Harm     .   r - +0 cloak
rCorr   +          Rampage  .   f - +1 pair of gloves
Will    .....                   (boots unavailable)
Stlth   ++........              (no amulet)
HPRegen 0.21/turn               M - ring of magical power
MPRegen 0.22/turn               Z - ring of wizardry

@: flying quickly and evasively, quick
A: beak, talons 3, nimble flight, claws 1, clever 1, low MP 1, MP-powered wands,
sturdy frame 1
a: Renounce Religion, Channel Magic, Forget Spell, Divine Exegesis


You were on level 11 of the Dungeon.
You worshipped Sif Muna.
Sif Muna was greatly pleased with you.
You visited 3 branches of the dungeon, and saw 14 of its levels.
You also visited: Ossuary.

You collected 854 gold pieces.
You spent 480 gold pieces at shops.


Innate Abilities, Weirdness & Mutations

You have a beak for a mouth.
You have claws for feet.
Your magical nature lets you fly swiftly and evasively.
You have sharp fingernails.
Your mind is acute. (Int +4, Str/Dex -1)
Your magical capacity is low. (-10% MP)
You expend magic power (3 MP) to strengthen your wands.
Your movements are slightly less encumbered by armour. (ER -2)


   Skills:
 - Level 5.0 Fighting
 - Level 4.0 Armour
 - Level 5.0 Dodging
 - Level 2.0 Stealth
 + Level 6.8 Spellcasting
 - Level 15.7 Conjurations
 - Level 5.0 Translocations
 - Level 5.0 Air Magic
 - Level 4.0 Poison Magic
 + Level 6.9 Invocations
 - Level 5.0 Evocations


You had 14 spell levels left.
You knew the following spells:

 Your Spells              Type           Power      Damage    Failure   Level
c - Mephitic Cloud        Conj/Pois/Air  51%        N/A       1%          3
m - Magic Dart            Conj           100%       1d8       0%          1
s - Searing Ray           Conj           100%       2d8       0%          2
X - Iskenderun's Mystic   Conj/Tloc      58%        2d12      1%          4

Your spell library contained the following spells:

 Spells                   Type           Power      Damage    Failure   Level
 Apportation              Tloc           68%        N/A       1%          1
 Dazzling Flash           Conj/Hex       98%        N/A       1%          3
 Fulminant Prism          Conj/Hex       24%        3d13      1%          4
 Necrotise                Necr           32%        1d5       3%          1
 Summon Small Mammal      Summ           32%        N/A       3%          1
 Call Imp                 Summ           8%         N/A       4%          2
 Passage of Golubria      Tloc           34%        N/A       4%          4
 Summon Guardian Golem    Hex/Summ       8%         N/A       10%         3
 Summon Ice Beast         Ice/Summ       8%         N/A       30%         4
 Silence                  Hex/Air        10%        N/A       30%         5
 Yara's Violent Unravell  Hex/Tmut       4%         3d4       61%         5
 Summon Hydra             Summ           4%         N/A       100%        7
 Lehudib's Crystal Spear  Conj/Erth      24%        10d7      100%        8

Inventory:

Hand Weapons
 g - a +0 dagger
 t - a +1 dagger of protection
 z - a +1 dagger of draining
Missiles
 A - 53 poisoned darts
 H - 2 boomerangs of dispersal {=f}
Armour
 a - a +0 robe
 f - a +1 pair of gloves (worn)
 r - a +0 cloak (worn)
 y - a +0 kite shield
 P - +0 acid dragon scales (worn)
 S - a +0 hat (worn)
Magical Staves
 q - a staff of death {!a}
 V - a staff of fire (weapon) {!a}
Jewellery
 C - a ring of protection from cold
 D - a +6 ring of dexterity
 F - a ring of protection from fire
 L - a ring of flight
 M - a ring of magical power (left hand)
 N - a ring of positive energy
 T - a +4 ring of protection
 Z - a ring of wizardry (right hand)
Wands
 v - a wand of digging (6)
 B - a wand of charming (7)
 E - a wand of flame (9)
Scrolls
 c - a scroll of immolation {unknown}
 d - a scroll of silence {!r}
 h - a scroll of summoning {unknown}
 i - 2 scrolls of blinking
 j - 2 scrolls of enchant armour
 k - a scroll of noise {unknown}
 n - 6 scrolls of teleportation {@r2}
 o - 3 scrolls of fog
 I - a scroll of poison
 J - a scroll of torment {unknown}
 O - 2 scrolls of amnesia
 Q - a scroll of brand weapon
 R - a scroll of fear
 U - 2 scrolls of vulnerability {unknown}
Potions
 b - a potion of magic
 e - 2 potions of ambrosia
 l - 3 potions of invisibility
 m - a potion of lignification {unknown}
 p - a potion of might
 s - 4 potions of degeneration
 u - 5 potions of curing {@q1}
 w - 3 potions of flight
 x - 2 potions of heal wounds {@q2}
 G - 2 potions of attraction
 K - 2 potions of haste {@q3}
 W - a potion of mutation

Dungeon Overview and Level Annotations

Branches:
Dungeon (12/15)            Temple (1/1) D:4            Lair (1/5) D:11
    Orc (0/2) D:11        Ossuary (visited)

Altars:
Ashenzari
Cheibriados
Dithmenos
Elyvilon
Fedhas
Gozag
Hepliaklqana
Kikubaaqudgha
Makhleb
Nemelex Xobeh
Okawaru
Qazlal
Ru
Sif Muna
Trog
Uskayaw
Vehumet
Wu Jian
Xom
Yredelemnul
Zin
The Shining One

Shops:
D:4 *

Annotations:
Abyss:1 Sonja

#
####.......######........##
#####...........#
####......##
.÷............#.####
#####...#
...................###
###.##
.<............P......##
##.#
.....................P##
##.
.......................##
##
...................P....##
#
..#####.#.P...▒▒@▒..PP...#
# ### #.#.....▒)Y▒.(.....#
# #.......▒>.▒.......# #
###.....▒▒▒▒...P...# #
#...............## ###
##.......P.P.P.## ..####
#......P.....##
.....######..P...P...## ###
####...........P...###
##▓..


You could see a death yak.


Message History

Sif Muna accepts your kill.
Unknown command.
Unknown command.
Casting: Iskenderun's Mystic Blast (safe; 1% risk of failure)
Confirm with . or Enter, or press ? or * to list all spells.
You erupt in a blast of force!
The mystic blast hits the bullfrog!
You kill the bullfrog!
Sif Muna accepts your kill.
Unknown command.
Unknown command.
You start resting.
Magic restored.
HP restored.
Done exploring.
(D) Dungeon (T) Temple (L) Lair (O) Orcish Mines
Where to? (Enter - Lair:1, ? - help)
What level of the Lair of Beasts? (default 1, ? - help)
There is an open door here.
You see here a +0 short sword.
There is a staircase to the Lair here.
You fly downwards.
Welcome back to the Lair of Beasts!
The death yak gores you!
There is a staircase back to the Dungeon, spattered with blood here.
The death yak gores you!!
You fly upwards.
Welcome back to the Dungeon!
There is a staircase to the Lair here.
The death yak gores you!
* * * LOW HITPOINT WARNING * * *
You see here a +0 short sword.
The death yak gores you!!
You die...

Skill      XL: |  1  2  3  4  5  6  7  8  9 10 11 12 |
---------------+-------------------------------------+-----
Conjurations   | 6 7 8 9 10 12 14 15 | 15.7
Spellcasting   | 3 5 6 |  6.8
Dodging        | 3 4 5 |  5.0
Fighting       | 2 3 5 |  5.0
Invocations    | 1 3 5 6 |  6.9
Evocations     | 1 5 |  5.0
Translocations | 2 5 |  5.0
Armour         | 3 4 |  4.0
Air Magic      | 2 5 |  5.0
Poison Magic   | 1 4 |  4.0
Stealth        | |  2.0

Action                   |  1- 3 |  4- 6 |  7- 9 | 10-12 || total
-------------------------+-------+-------+-------+-------++-------
Melee: Dagger            |       |       |     5 |    27 ||    32
       Kick              |       |       |     2 |    11 ||    13
       Peck              |       |       |     1 |     6 ||     7
       Punch             |       |       |     1 |     1 ||     2
       Staff             |       |       |       |     4 ||     4
 Cast: Magic Dart        |    52 |    88 |   166 |   233 ||   539
       Searing Ray       |     2 |    11 |    63 |   125 ||   201
       Mephitic Cloud    |       |     2 |     3 |    27 ||    32
       Iskenderun's Myst |       |       |     2 |    87 ||    89
Invok: Channel Magic     |       |       |     2 |       ||     2
Evoke: Wand              |       |       |     1 |     5 ||     6
  Use: Scroll            |       |       |    10 |    10 ||    20
       Potion            |       |       |       |     7 ||     7
 Stab: Confused          |       |       |     1 |       ||     1
Armor: Robe              |       |     1 |     8 |     4 ||    13
       Acid dragon scale |       |       |       |    45 ||    45
Dodge: Dodged            |     2 |    10 |    52 |   142 ||   206

Levels and vault maps discovered:
D:1:      dpeg_arrival_lava_temple_mockup, layout_loops_corners, serial_forest,
          infiniplex_forest_zigzag_2, infiniplex_forest_clump_medium,
          infiniplex_forest_clump_cross, infiniplex_forest_straight_3
D:2:      layout_loops_cross
D:3:      layout_loops_ring, lemuel_doored_altar, serial_forest,
          infiniplex_forest_straight_3, infiniplex_forest_zigzag_1,
          infiniplex_forest_end_3, infiniplex_forest_lined_2,
          infiniplex_forest_clump_large, infiniplex_forest_3_way,
          infiniplex_forest_clump_medium, infiniplex_forest_3_way,
          infiniplex_forest_clump_curved
D:4:      layout_gridville, old_standard_altar,
          mainiacjoe_overflow_surrounded_room, minmay_temple_entry_glass,
          serial_shops, nicolae_stop_n_shop_2, uniq_edmund, uniq_sigmund
D:5:      layout_loops_cross, trog_three_pillars_becter, hangedman_decor_points,
          hangedman_feature_mirror, minmay_strange_pillars
D:6:      layout_gridville, kennysheep_windowed_goal
D:7:      layout_cave_pools, marbit_many_paths
D:8:      layout_basic, enter_ossuary_2
D:9:      kennysheep_housing_project, layout_basic
D:10:     layout_long_grid, grunt_gozag_breadcrumbs, vehumet_statue,
          overflow_temple_1_default, jmf_multi_god_temple2, uniq_joseph
D:11:     layout_layer_cave, grunt_lair_entry_orc_guard_hut, orc_0_dummy,
          nicolae_titane
D:12:     layout_roguey, serial_shops, nicolae_shop_behind_doors
Temple:   hellmonk_temple_two_chambers
Lair:1:   layout_chaotic_city, uniq_gastronok, uniq_harold, uniq_nergalle,
          uniq_sonja

Notes
Turn   | Place    | Note
-------+----------+-------------------------------------------
     0 | D:1      | quinnr the Tengu Conjurer began the quest for the Orb.
     0 | D:1      | Reached XP level 1. HP: 10/10 MP: 4/4
   267 | D:1      | Reached XP level 2. HP: 15/15 MP: 4/6
   393 | D:1      | Learned a level 2 spell: Searing Ray
   946 | D:1      | Reached XP level 3. HP: 19/19 MP: 5/7
  1134 | D:1      | Reached skill level 6 in Conjurations
  1222 | D:1      | Learned a level 3 spell: Mephitic Cloud
  1694 | D:2      | Reached skill level 3 in Spellcasting
  1694 | D:2      | Reached XP level 4. HP: 24/24 MP: 9/9
  2440 | D:3      | Reached skill level 7 in Conjurations
  3180 | D:3      | Found a glowing golden altar of the Shining One.
  3189 | D:3      | Gained mutation: Your magical nature lets you fly swiftly
                  | and evasively. [Tengu growth]
  3189 | D:3      | Reached XP level 5. HP: 28/28 MP: 10/10
  3219 | D:4      | Found Zitryoxe's Assorted Antiques.
  3256 | D:4      | Found a staircase to the Ecumenical Temple.
  3275 | D:4      | Got the Exposition on Assembled Jinxing
  3377 | Temple   | Entered the Ecumenical Temple
  3468 | Temple   | Became a worshipper of Sif Muna the Loreminder
  3732 | D:4      | Found a sparkling altar of Nemelex Xobeh.
  3778 | D:4      | Noticed Sigmund
  4137 | D:4      | Noticed Edmund
  4154 | D:4      | Reached skill level 8 in Conjurations
  4156 | D:4      | Reached skill level 3 in Dodging
  4156 | D:4      | Reached XP level 6. HP: 32/32 MP: 2/11
  4295 | D:3      | Killed Edmund
  4477 | D:4      | Reached skill level 4 in Dodging
  4673 | D:4      | Killed Sigmund
  4674 | D:4      | Reached skill level 9 in Conjurations
  4674 | D:4      | Reached XP level 7. HP: 36/36 MP: 12/12
  4829 | D:4      | Found an ancient bone altar of Kikubaaqudgha.
  4887 | D:5      | Entered Level 5 of the Dungeon
  4941 | D:4      | Reached skill level 1 in Fighting
  4941 | D:4      | Reached skill level 5 in Dodging
  5379 | D:5      | Reached skill level 2 in Fighting
  5526 | D:5      | Reached skill level 1 in Invocations
  5587 | D:5      | Reached skill level 10 in Conjurations
  5624 | D:5      | Found a blossoming altar of Fedhas.
  5789 | D:5      | Reached XP level 8. HP: 44/44 MP: 13/13
  5795 | D:5      | Reached skill level 2 in Invocations
  6063 | D:5      | Found a snail-covered altar of Cheibriados.
  6091 | D:5      | Found a bloodstained altar of Trog.
  6571 | D:6      | Reached skill level 11 in Conjurations
  6571 | D:6      | Reached skill level 3 in Invocations
  6912 | D:6      | Reached skill level 12 in Conjurations
  7001 | D:6      | Reached * piety under Sif Muna
  7697 | D:6      | Reached skill level 1 in Evocations
  7697 | D:6      | Reached XP level 9. HP: 12/48 MP: 11/14
  7701 | D:6      | HP: 4/48 [poisoned by a water moccasin]
  7705 | D:6      | HP: 1/48 [poisoned by a water moccasin]
  8181 | D:7      | Reached skill level 2 in Evocations
  8227 | D:7      | Reached skill level 13 in Conjurations
  8591 | D:7      | Reached skill level 3 in Evocations
  8596 | D:7      | Learned a level 4 spell: Iskenderun's Mystic Blast
  8773 | D:7      | Found a sacrificial altar of Ru.
  9312 | D:8      | Reached skill level 1 in Translocations
  9386 | D:8      | Reached skill level 4 in Evocations
  9414 | D:7      | Reached skill level 2 in Translocations
  9656 | D:8      | Reached skill level 14 in Conjurations
  9725 | D:8      | Found a sand-covered staircase.
  9745 | Ossuary  | Entered an ossuary
 10096 | Ossuary  | Reached skill level 5 in Evocations
 10096 | Ossuary  | Reached XP level 10. HP: 53/53 MP: 15/15
 10162 | Ossuary  | Reached skill level 3 in Translocations
 10671 | D:8      | Reached ** piety under Sif Muna
 12099 | D:9      | Reached skill level 4 in Translocations
 12293 | D:9      | Reached skill level 1 in Armour
 12760 | D:9      | Reached skill level 2 in Armour
 13197 | D:9      | Reached skill level 15 in Conjurations
 13197 | D:9      | Gained mutation: Your body sometimes deteriorates upon
                  | taking damage. [potion of mutation]
 13197 | D:9      | Gained mutation: You have a pair of small horns on your
                  | head. [potion of mutation]
 13198 | D:9      | Lost mutation: You have a pair of small horns on your head.
                  | [potion of mutation]
 13198 | D:9      | Lost mutation: Your body sometimes deteriorates upon taking
                  | damage. [potion of mutation]
 13198 | D:9      | Gained mutation: You are agile. (Dex +4, Str/Int -1)
                  | [potion of mutation]
 13198 | D:9      | Gained mutation: Your spells are a little harder to cast,
                  | but a little more powerful. [potion of mutation]
 13198 | D:9      | Gained mutation: Your system is resistant to poisons.
                  | (rPois) [potion of mutation]
 13199 | D:9      | Lost mutation: Your spells are a little harder to cast, but
                  | a little more powerful. [potion of mutation]
 13199 | D:9      | Lost mutation: You are agile. (Dex +4, Str/Int -1) [potion
                  | of mutation]
 13199 | D:9      | Lost mutation: Your system is resistant to poisons. (rPois)
                  | [potion of mutation]
 13199 | D:9      | Gained mutation: You possess an exceptional clarity of
                  | mind. [potion of mutation]
 13199 | D:9      | Gained mutation: You are frail. (-10% HP) [potion of
                  | mutation]
 13242 | D:8      | Lost mutation: You are frail. (-10% HP) [potion of
                  | mutation]
 13242 | D:8      | Lost mutation: You possess an exceptional clarity of mind.
                  | [potion of mutation]
 13242 | D:8      | Gained mutation: Your spells are a little easier to cast,
                  | but a little less powerful. [potion of mutation]
 13242 | D:8      | Gained mutation: You have hidden genetic potential. [potion
                  | of mutation]
 13242 | D:8      | Gained mutation: Your mind is acute. (Int +4, Str/Dex -1)
                  | [potion of mutation]
 13243 | D:8      | Lost mutation: Your spells are a little easier to cast, but
                  | a little less powerful. [potion of mutation]
 13243 | D:8      | Lost mutation: You have hidden genetic potential. [potion
                  | of mutation]
 13243 | D:8      | Gained mutation: You are occasionally teleported next to
                  | monsters. [potion of mutation]
 13243 | D:8      | Gained mutation: Your body sometimes deteriorates upon
                  | taking damage. [potion of mutation]
 13243 | D:8      | Gained mutation: You have sharp fingernails. [potion of
                  | mutation]
 13244 | D:8      | Lost mutation: You are occasionally teleported next to
                  | monsters. [potion of mutation]
 13244 | D:8      | Lost mutation: Your body sometimes deteriorates upon taking
                  | damage. [potion of mutation]
 13244 | D:8      | Gained mutation: You sometimes lose your temper in combat.
                  | [potion of mutation]
 13244 | D:8      | Gained mutation: Your magical capacity is low. (-10% MP)
                  | [potion of mutation]
 13244 | D:8      | Gained mutation: Your movements are slightly less
                  | encumbered by armour. (ER -2) [potion of mutation]
 13284 | D:9      | Reached *** piety under Sif Muna
 13853 | D:9      | Reached skill level 3 in Armour
 14345 | D:10     | Entered Level 10 of the Dungeon
 14397 | D:10     | Found an opulent altar of Gozag.
 14423 | D:10     | Noticed Joseph
 14437 | D:10     | Killed Joseph
 14438 | D:10     | Reached skill level 3 in Fighting
 14438 | D:10     | Reached skill level 1 in Air Magic
 14456 | D:10     | Reached skill level 1 in Poison Magic
 14645 | D:10     | Reached skill level 5 in Translocations
 14719 | D:10     | Reached skill level 2 in Air Magic
 14856 | D:10     | Found a large runed translucent door.
 14856 | D:10     | Found a large runed translucent door.
 14904 | D:10     | Found a shadowy altar of Dithmenos.
 15042 | D:10     | Reached XP level 11. HP: 49/60 MP: 14/14
 15047 | D:10     | Reached skill level 4 in Armour
 15048 | D:10     | Reached skill level 3 in Air Magic
 15048 | D:10     | Reached skill level 2 in Poison Magic
 15301 | D:10     | Reached skill level 4 in Fighting
 15448 | D:10     | Found a radiant altar of Vehumet.
 15858 | D:10     | Reached skill level 4 in Air Magic
 16004 | D:10     | Reached skill level 3 in Poison Magic
 16145 | D:10     | Found a glowing silver altar of Zin.
 16150 | D:10     | Found a blossoming altar of Fedhas.
 16508 | D:4      | Bought a potion of mutation for 192 gold pieces
 16508 | D:4      | Lost mutation: You sometimes lose your temper in combat.
                  | [potion of mutation]
 16508 | D:4      | Lost mutation: Your mind is acute. (Int +4, Str/Dex -1)
                  | [potion of mutation]
 16508 | D:4      | Gained mutation: You expend magic power (3 MP) to
                  | strengthen your wands. [potion of mutation]
 16508 | D:4      | Gained mutation: Your mind is acute. (Int +4, Str/Dex -1)
                  | [potion of mutation]
 16824 | D:4      | Bought a thick smoking staff for 288 gold pieces
 17035 | D:11     | You are sucked into a shaft and drop 1 floor!
 18009 | D:11     | Noticed a cyclops
 18018 | D:11     | Killed a cyclops
 18019 | D:11     | Reached skill level 5 in Air Magic
 18202 | D:11     | Noticed a brown ugly thing
 18214 | D:11     | Killed a brown ugly thing
 18215 | D:11     | Reached skill level 5 in Fighting
 18423 | D:11     | Reached skill level 4 in Poison Magic
 18712 | D:11     | Reached **** piety under Sif Muna
 18804 | D:11     | Found a staircase to the Orcish Mines.
 18809 | D:11     | Reached skill level 4 in Invocations
 18810 | D:11     | Reached skill level 4 in Spellcasting
 19537 | D:11     | Found a staircase to the Lair.
 19689 | Lair:1   | Entered Level 1 of the Lair of Beasts
 20003 | Lair:1   | Reached skill level 5 in Invocations
 20085 | Lair:1   | Reached skill level 5 in Spellcasting
 20312 | Lair:1   | Noticed Nergalle
 20344 | Lair:1   | Killed Nergalle
 20345 | Lair:1   | Reached XP level 12. HP: 30/68 MP: 1/19
 20614 | Lair:1   | Noticed an eight-headed hydra
 20628 | Lair:1   | Killed an eight-headed hydra
 20707 | Lair:1   | Reached skill level 6 in Spellcasting
 20707 | Lair:1   | Reached skill level 6 in Invocations
 20889 | Lair:1   | Noticed Gastronok
 20920 | Lair:1   | Killed Gastronok
 21096 | Lair:1   | Noticed Sonja
 21101 | Lair:1   | Banished Sonja
 21156 | Lair:1   | Noticed a death yak
 21172 | Lair:1   | Noticed a death yak
 21618 | D:11     | Killed a death yak
 21863 | D:11     | Slain by a death yak

Vanquished Creatures
  Gastronok (Lair:1)
  A hydra (Lair:1)
  A death yak (D:11)
  An ugly thing (D:11)
  A cyclops (D:11)
  Joseph (D:10)
  An unseen horror (D:11)
  2 komodo dragons
  2 rime drakes (Lair:1)
  A troll (D:10)
  A polar bear (Lair:1)
  5 slime creatures (D:12)
  3 blink frogs (Lair:1)
  Sigmund (D:4)
  18 yaks
  A wyvern (Lair:1)
  A steam dragon (D:10)
  4 vampire mosquitoes (D:10)
  Edmund (D:3)
  An acid dragon (D:8)
  3 water moccasins
  A black bear (D:11)
  5 orc warriors
  3 ice beasts
  3 ogres (D:9)
  5 centaurs
  A phantom (D:4)
  3 kobold brigands
  7 bullfrogs
  2 necrophages
  2 gnoll sergeants
  4 scorpions
  4 wights
  15 killer bees
  A howler monkey (D:7)
  8 hounds
  2 jellies
  8 orc priests
  2 gnoll boudas (D:9)
  5 iguanas
  11 orc wizards
  A statue (D:10)
  12 mummies (Ossuary)
  16 gnolls
  9 adders
  A shadow imp (D:6)
  A white imp (D:5)
  3 ufetubi
  4 worms
  4 dart slugs
  33 orcs
  5 bats
  5 endoplasms
  2 giant cockroaches
  7 goblins
  10 hobgoblins
  30 kobolds
  2 quokkas
  9 ball pythons
  3 frilled lizards
  A gnoll skeleton (Ossuary)
  2 goblin skeletons (Ossuary)
  2 kobold skeletons (Ossuary)
  3 orc skeletons (Ossuary)
  6 rats
  11 rat skeletons (Ossuary)
325 creatures vanquished.

Vanquished Creatures (collateral kills)
  Nergalle (Lair:1)
1 creature vanquished.

Vanquished Creatures (others)
  21 fungi
  37 plants
58 creatures vanquished.

Grand Total: 384 creatures vanquished

Table legend: (Time is in decaauts)
 A = Elapsed time spent in this place.
 B = Non-inter-level travel time spent in this place.
 C = Inter-level travel time spent in this place.
 D = Time resting spent in this place.
 E = Time spent auto-exploring this place.
 F = Levels seen in this place.
 G = Mean time per level.
                   A        B        C        D        E       F      G
               +--------+--------+--------+--------+--------+-----+--------+
         Total |  21154 |  19866 |   1288 |   4259 |  12560 |  15 | 1410.3 |
       Dungeon |  19442 |  18169 |   1273 |   4177 |  11370 |  12 | 1620.2 |
        Temple |     32 |     17 |     15 |      0 |      9 |   1 |   32.0 |
          Lair |    801 |    801 |      0 |      6 |    578 |   1 |  801.0 |
       Ossuary |    878 |    878 |      0 |     76 |    602 |   1 |  878.0 |
               +--------+--------+--------+--------+--------+-----+--------+

Top non-repeatable levels by time:
    D:11: 2798 daAuts
     D:9: 2268 daAuts
     D:8: 2158 daAuts
     D:6: 1736 daAuts
    D:10: 1716 daAuts
     D:5: 1609 daAuts
     D:1: 1486 daAuts
     D:4: 1451 daAuts
     D:3: 1418 daAuts
     D:7: 1136 daAuts
    D:12: 944 daAuts
 Ossuary: 878 daAuts
  Lair:1: 801 daAuts
     D:2: 717 daAuts
  Temple: 32 daAuts

Table legend:
 A = Non-vault XP
 B = Vault XP
 C = Vault XP percentage of total XP
 D = Non-vault monster count
 E = Vault monster count
 F = Vault count percentage of total count
                 A         B        C        D         E       F
            +---------+---------+-------+---------+---------+-------
      Total |   17699 |    6002 |  25.3 |     248 |      79 |  24.2
            +---------+---------+-------+---------+---------+-------
        D:1 |      46 |       0 |   0.0 |      23 |       0 |   0.0
        D:2 |      62 |       0 |   0.0 |      14 |       0 |   0.0
        D:3 |      57 |     157 |  73.4 |      21 |       1 |   4.5
        D:4 |     361 |     231 |  39.0 |      19 |       1 |   5.0
        D:5 |     604 |      42 |   6.5 |      17 |       2 |  10.5
        D:6 |    1049 |      36 |   3.3 |      21 |       1 |   4.5
        D:7 |     727 |      35 |   4.6 |      14 |       1 |   6.7
        D:8 |    2098 |       0 |   0.0 |      37 |       0 |   0.0
        D:9 |    1043 |     930 |  47.1 |      20 |      30 |  60.0
       D:10 |    3089 |    1096 |  26.2 |      27 |       4 |  12.9
       D:11 |    3679 |     536 |  12.7 |      19 |       5 |  20.8
       D:12 |    1283 |       0 |   0.0 |       5 |       0 |   0.0
     Lair:1 |    3601 |    2695 |  42.8 |      11 |       3 |  21.4
    Ossuary |       0 |     244 | 100.0 |       0 |      31 | 100.0
            +---------+---------+-------+---------+---------+-------
